 Dungeon Crawl Stone Soup version 0.30-a0-860-g512cf1e979 (webtiles) character file.

Game seed: 7983183749800614789

130 juan097 the Sneak (level 5, -2/34 HPs)
             Began as an Octopode Brigand on Mar 7, 2023.
             Slain by Sigmund
             ... wielding a +0 scythe of protection
              (6 damage)
             ... on level 3 of the Dungeon.
             The game lasted 00:03:58 (2223 turns).

juan097 the Sneak (Octopode Brigand)                Turns: 2223, Time: 00:03:59

Health: -2/34      AC:  1    Str: 10    XL:     5   Next: 13%
Magic:  5/5        EV: 14    Int: 20    God:
Gold:   192        SH:  0    Dex: 15    Spells: 4/4 levels left

rFire   . . .      SeeInvis .    a - +2 dagger
rCold   . . .      Faith    .    (no shield)
rNeg    . . .      Spirit   .    (helmet restricted)
rPois   .          Reflect  .    (no amulet)
rElec   .          Rampage  .    h - +6 ring of intelligence
rCorr   .                        (no ring)
Will    .....                    (no ring)
Stlth   ++++                     (no ring)
HPRegen 0.25/turn                (no ring)
MPRegen 0.09/turn                (no ring)
                                 (no ring)
                                 (no ring)

@: about to teleport
A: almost no armour, amphibious, 8 rings, camouflage 1, gelatinous body 1,
(nimble swimmer 1), tentacles
a: no special abilities


You were on level 3 of the Dungeon.
You visited 1 branch of the dungeon, and saw 3 of its levels.

You collected 192 gold pieces.

Inventory:

Hand Weapons
 a - a +2 dagger (weapon)
 b - a +0 sling
 w - a +0 short sword of venom
Missiles
 c - 3 curare-tipped darts
 k - 15 poisoned darts (quivered)
Jewellery
 d - an amulet of faith
 h - a +6 ring of intelligence (left tentacle)
Wands
 o - a wand of roots (5)
Scrolls
 f - 6 scrolls of identify {unknown}
 g - 2 scrolls of teleportation
 j - a scroll of enchant weapon {unknown}
 l - a scroll of poison {unknown}
 m - a scroll of noise {unknown}
 q - a scroll of blinking {unknown}
Potions
 e - a potion of mutation {unknown}
 i - 2 potions of degeneration {unknown}
 n - 2 potions of brilliance {unknown}
 p - a potion of lignification {unknown}
 r - a potion of magic {unknown}


   Skills:
 - Level 2.0 Fighting
 + Level 3.8 Short Blades
 - Level 2.0 Throwing
 + Level 3.4 Dodging
 - Level 5.3 Stealth


You had 4 spell levels left.
You didn't know any spells.
Your spell library was empty.

Dungeon Overview and Level Annotations

Branches:
Dungeon (3/15)

Altars:
Vehumet

Annotations:
D:3 1 runed translucent door, Crazy Yiuf, Natasha, Sigmund


Innate Abilities, Weirdness & Mutations

You cannot wear most types of armour.
You are amphibious.
You can wear up to eight rings at the same time.
Your skin changes colour to match your surroundings (Stealth+).
Your rubbery body absorbs attacks. (AC +1, EV +1)
((You are camouflaged when in or above water. (Stealth+)))
You have tentacles for arms and can constrict up to eight enemies at once.


Message History

You impale the rat!!
You kill the rat!
No target in view!
k - 15 poisoned darts (gained 6)
You see here a rat corpse.
A hobgoblin comes into view.
Found a faded altar of an unknown god.
Natasha, Servant of Life and Death comes into view.
Sigmund the Dreaded comes into view.
He is wielding a +0 scythe of protection.
The hobgoblin shouts!
Sigmund shouts!
Natasha casts a spell at you. The magic dart hits you!
The hobgoblin attacks as you move away! The hobgoblin closely misses you.
Natasha casts a spell at you. The magic dart hits you!
The hobgoblin attacks as you move away! The hobgoblin closely misses you.
Natasha mumbles some strange words.
Natasha mumbles some strange words.
The hobgoblin attacks as you move away! The hobgoblin completely misses you.
Natasha wildly gestures.
Natasha shimmers violently.
There is a stone staircase leading down here.
Natasha mumbles some strange words.
The hobgoblin attacks as you move away! The hobgoblin misses you.
Sigmund casts a spell.
Sigmund flickers and vanishes!
Deactivating autopickup; reactivate with Ctrl-A.
The hobgoblin attacks as you move away! The hobgoblin barely misses you.
Something enters a dispersal trap!
Natasha blinks!
The hobgoblin blinks!
You blink.
A magic dart appears from out of thin air!
The magic dart hits you! Something hits you!
* * * LOW HITPOINT WARNING * * *
As you read the scroll labelled KUFIWN LONLELL, it crumbles to dust.
You feel strangely unstable.
It was a scroll of teleportation.
Something hits you but does no damage.
You barely miss something. You squeeze something.
You completely miss something. Something hits you.
You die...

#....#.#.#. ##....###.#
######...#.#.#.
#.).###...####.
#<#####....##.. #.#
#.#.#..##.# #.#
##.#..##### #.#########.#
#.#..#..# #
#.......@{h.#####.#..####
##########g...##.....#.#.
#............8.8.....
#.####..>.##(....#.#.
##^..###.#..####
#####.#h#.#..#..# # #
#._..ยง..##.#..#####
#.#.###5#.#.#.#..##.#
#....#5.#.###....##..


You could see Natasha and a hobgoblin.

Vanquished Creatures
  Jessica (D:2)
  3 worms (D:2)
  6 dart slugs
  3 orcs (D:3)
  6 bats
  5 endoplasms
  4 giant cockroaches
  5 goblins
  3 hobgoblins
  7 jackals
  9 kobolds
  4 quokkas (D:2)
  7 ball pythons
  3 frilled lizards
  8 rats
74 creatures vanquished.

Vanquished Creatures (others)
  2 plants (D:1)
2 creatures vanquished.

Grand Total: 76 creatures vanquished

Notes
Turn   | Place    | Note
-------+----------+-------------------------------------------
     0 | D:1      | juan097 the Octopode Brigand began the quest for the Orb.
     0 | D:1      | Reached XP level 1. HP: 14/14 MP: 1/1
    95 | D:1      | Reached XP level 2. HP: 19/19 MP: 2/2
   770 | D:2      | Reached XP level 3. HP: 24/24 MP: 3/3
   934 | D:2      | Found a radiant altar of Vehumet.
   934 | D:2      | Noticed Jessica
   957 | D:2      | Killed Jessica
   958 | D:2      | Reached XP level 4. HP: 25/29 MP: 4/4
  1835 | D:3      | Reached XP level 5. HP: 27/34 MP: 5/5
  1978 | D:3      | Found a runed translucent door.
  1979 | D:3      | Noticed Crazy Yiuf
  2203 | D:3      | Found a faded altar of an unknown god.
  2205 | D:3      | Noticed Natasha
  2206 | D:3      | Noticed Sigmund
  2223 | D:3      | Slain by Sigmund

Illustrated notes

Levels and vault maps discovered:
D:1:      dpeg_arrival_pits, layout_basic, chequers_serial_rivers_large_b,
          lexackson_kobold_supper
D:2:      minmay_chambers_of_ones, layout_basic, basic_altar,
          minmay_hexomino_u4, uniq_jessica
D:3:      wad_crossroads, layout_loops_ring, basic_ecumenical_altar,
          uniq_natasha, uniq_sigmund, uniq_crazy_yiuf_cottage, uniq_terence

Skill      XL: |  1  2  3  4 |
---------------+-------------+-----
Dodging        | 2 3 |  3.4
Short Blades   | 3 |  3.8
Fighting       | |  2.0
Throwing       | |  2.0
Stealth        | |  5.3

Action                     |  1- 3 |  4- 6 || total
---------------------------+-------+-------++-------
  Melee: Dagger            |    49 |    76 ||   125
         Constrict         |    12 |    17 ||    29
         Tentacles         |     6 |    19 ||    25
         Punch             |     1 |       ||     1
    Use: Scroll            |       |     1 ||     1
   Stab: Sleeping          |     7 |    22 ||    29
 Armour: Skin              |     3 |     5 ||     8
  Dodge: Dodged            |    19 |    30 ||    49

Table legend: (Time is in decaauts)
 A = Elapsed time spent in this place.
 B = Non-inter-level travel time spent in this place.
 C = Inter-level travel time spent in this place.
 D = Time resting spent in this place.
 E = Time spent auto-exploring this place.
 F = Levels seen in this place.
 G = Mean time per level.
                   A        B        C        D        E       F      G
               +--------+--------+--------+--------+--------+-----+--------+
         Total |   2207 |   2113 |     94 |      0 |   1660 |   3 |  735.7 |
       Dungeon |   2207 |   2113 |     94 |      0 |   1660 |   3 |  735.7 |
               +--------+--------+--------+--------+--------+-----+--------+

Top non-repeatable levels by time:
     D:2: 993 daAuts
     D:1: 763 daAuts
     D:3: 450 daAuts
